 Dungeon Crawl Stone Soup version 0.20-a0-1116-gaa52201 (webtiles) character file.

74 Everybody the Firebug (level 3, -2/39 HPs)
             Began as a Demigod Fire Elementalist on May 7, 2017.
             Slain by Sigmund
             ... wielding a +2 scythe of distortion
              (6 damage)
             ... on level 2 of the Dungeon.
             The game lasted 00:03:20 (1750 turns).

Everybody the Firebug (Demigod Fire Elementalist)   Turns: 1750, Time: 00:03:21

Health: -2/39      AC: 21    Str: 11    XL:     3   Next: 86%
Magic:  0/8        EV:  2    Int: 21    God:
Gold:   13         SH:  0    Dex: 16    Spells: 3/6 levels left

rFire    . . .     SeeInvis .   e - +1 whip
rCold    . . .     Gourm    .   (no shield)
rNeg     + + +     Faith    .   (armour currently unavailable)
rPois    +         Spirit   .   (helmet currently unavailable)
rElec    .         Reflect  .   (cloak currently unavailable)
rCorr    .         Harm     .   (gloves currently unavailable)
MR       .....     NoTele   +   (boots currently unavailable)
Stlth    +.........             (no amulet)
Regen    0.2/turn               (no ring)
MPRegen  0.2/turn               (no ring)

@: confused, tree-form
A: high mp 1
a: no special abilities


You were on level 2 of the Dungeon.
You were not hungry.
You were a tree.
You visited 1 branch of the dungeon, and saw 2 of its levels.

You collected 13 gold pieces.

Inventory:

Hand Weapons
 e - a +1 whip (weapon)
Armour
 a - a +0 robe (melded)
Scrolls
 h - a scroll of remove curse {unknown}
Books
 b - a book of Flames

   Spells                             Type                      Level
   a - Flame Tongue                   Conjuration/Fire             1
   b - Throw Flame                    Conjuration/Fire             2
   c - Conjure Flame                  Conjuration/Fire             3
   d - Inner Flame                    Hexes/Fire                   3
   e - Sticky Flame                   Conjuration/Fire             4
   f - Fireball                       Conjuration/Fire             5
Comestibles
 c - 3 bread rations
 d - 4 fruits
 i - 2 meat rations
 j - a chunk of flesh


   Skills:
 + Level 2.1 Dodging
 - Level 2.1 Stealth
 + Level 2.1 Spellcasting
 * Level 2.0 Conjurations
 * Level 3.4 Fire Magic


You had 3 spell levels left.
You knew the following spells:

 Your Spells              Type           Power        Failure   Level  Hunger
a - Flame Tongue          Conj/Fire      ##...        4%          1    #......
b - Throw Flame           Conj/Fire      ##....       7%          2    ##.....


Dungeon Overview and Level Annotations

Branches:
Dungeon (2/15)

Annotations:
D:2 Sigmund


Innate Abilities, Weirdness & Mutations

You have an increased reservoir of magic. (+10% MP)


Message History

You cannot move. (Use ctrl+direction to attack without moving.)
You cannot move. (Use ctrl+direction to attack without moving.) Unknown command.
You cannot move. (Use ctrl+direction to attack without moving.)
You aren't carrying any potions.
You're too confused!
Unknown command.
You cannot move. (Use ctrl+direction to attack without moving.)
You cannot move. (Use ctrl+direction to attack without moving.) Unknown command.
You cannot move. (Use ctrl+direction to attack without moving.) You're too confused to cast spells.
You cannot move. (Use ctrl+direction to attack without moving.)
You swing at nothing.
You hear some strange, mumbled words.
Something tries to affect you, but you resist.
You swing at nothing.
Sigmund appears from thin air!
Reactivating autopickup.
Sigmund hits you but does no damage. Space bends around you.
You die...

## ... ##.# #...# $...g# ###
......### #<# {._.g...# #.
#.# #.######## #.# #.#
##..@)♣.[.# #.# #.#
#..######.# #.# #.#
##.###..######.# #.# #.#
#............#.# #.# #.##
#.#..#..####.#.# #.######...
.............>.# #..........
#....#...###...###.#########
.............<[....# #
..........g#...##### #


You could see Sigmund.

Vanquished Creatures
  Jessica (D:2)
  An adder (D:2)
  2 oozes (D:1)
  A dart slug (D:1)
  A leopard gecko (D:1)
  3 giant cockroaches (D:1)
  A goblin (D:2)
  4 hobgoblins
  4 kobolds (D:1)
  4 bats (D:1)
  3 frilled lizards (D:1)
  5 rats (D:1)
30 creatures vanquished.

Notes
Turn   | Place    | Note
-------+----------+-------------------------------------------
     0 | D:1      | Everybody the Demigod Fire Elementalist began the quest for the Orb.
     0 | D:1      | Reached XP level 1. HP: 14/14 MP: 5/5
    33 | D:1      | Reached skill level 3 in Fire Magic
   195 | D:1      | Reached XP level 2. HP: 15/20 MP: 4/7
   326 | D:1      | Reached skill level 1 in Conjurations
  1467 | D:1      | Reached XP level 3. HP: 26/26 MP: 6/8
  1471 | D:1      | Learned a level 2 spell: Throw Flame
  1686 | D:2      | Noticed Jessica
  1701 | D:2      | Found a blossoming altar of Fedhas.
  1714 | D:2      | Killed Jessica
  1726 | D:2      | Noticed Sigmund
  1750 | D:2      | Slain by Sigmund

Vault maps used:
D:1:      dpeg_arrival_arbitrary_a
D:2:      lemuel_round_altar, zin_angel, first_bread, uniq_sigmund, uniq_robin,
          uniq_natasha, uniq_jessica

Skill      XL: |  1  2  3 |
---------------+----------+-----
Fire Magic     | 3 |  3.4
Stealth        | 2 |  2.1
Conjurations   | 1 2 |  2.0
Dodging        | 2 |  2.1
Spellcasting   | 2 |  2.1

Action                   || total
-------------------------++-------
Melee: Unarmed           ||     2
       Whip              ||    15
 Cast: Flame Tongue      ||    45
  Use: Scroll            ||     2
       Potion            ||     1
  Eat: Chunk             ||     3
Armor: Robe              ||     7
       Skin              ||     8
Dodge: Dodged            ||    17
